 Dungeon Crawl Stone Soup version 0.27-a0-887-gcab673c142 (webtiles) character file.

Game seed: 10732531654105100301

9348 spiderkeys the Martial Artist (level 11, -8/92 HPs)
             Began as an Octopode Transmuter on Apr 5, 2021.
             Was an Initiate of Gozag.
             Mangled by a hellwing (15 damage)
             ... summoned by a kobold demonologist
             ... on level 10 of the Dungeon.
             The game lasted 00:21:43 (10223 turns).

spiderkeys the Martial Artist (OpTm)               Turns: 10223, Time: 00:21:43

Health: -8/92      AC:  6    Str: 21    XL:     11   Next: 45%
Magic:  19/20      EV: 14    Int: 17    God:    Gozag
Gold:   855        SH:  0    Dex: 17    Spells: 14/22 levels left

rFire    . . .     SeeInvis .     - Unarmed
rCold    + + +     Faith    .   (shield currently unavailable)
rNeg     . . .     Spirit   .   (helmet currently unavailable)
rPois    +         Reflect  .   m - amulet "Poulael" {Contam rElec rC+ Regen+ Int+2}
rElec    +         Harm     .   d - +6 ring of strength
rCorr    .         Rampage  .   w - +6 ring of strength
Will     .....                  A - ring of flight
Stlth    ++........             n - ring of protection from fire
HPRegen  1.25/turn              (no ring)
MPRegen  0.17/turn              (no ring)
                                (no ring)
                                (no ring)

@: lethally poisoned (-8 -> -17), ice-form, gold aura, flying
A: freezing attack, boosted hp, almost no armour, amphibious, 8 rings, large,
(camouflage 1), (gelatinous body 1), (nimble swimmer 1), (tentacles)
a: End Transformation, Renounce Religion, Potion Petition, Call Merchant, Bribe
Branch


You were on level 10 of the Dungeon.
You worshipped Gozag.
Gozag was pleased with you.
You were a creature of crystalline ice.
You visited 2 branches of the dungeon, and saw 11 of its levels.

You collected 996 gold pieces.
You spent 36 gold pieces at shops.
You paid 105 gold pieces to Gozag.

Inventory:

Hand Weapons
 D - a +2 short sword of electrocution (melded)
Missiles
 g - 6 throwing nets
 q - 5 atropa-tipped darts
Armour
 i - a +0 buckler (melded)
Jewellery
 d - a +6 ring of strength (left front paw)
 m - the amulet "Poulael" (around neck) {Contam rElec rC+ Regen+ Int+2}
   (You acquired it on level 3 of the Dungeon)

   [amulet of regeneration]

   It affects your intelligence (+2).
   It protects you from cold.
   It insulates you from electricity.
   It causes magical contamination when unequipped.
   It increases your rate of health regeneration.
 n - a ring of protection from fire (on tentacle)
 w - a +6 ring of strength (right front paw)
 A - a ring of flight (on tentacle)
Wands
 e - a wand of polymorph (11)
 h - a wand of digging (15)
 l - a wand of charming (7)
 o - a wand of paralysis (17)
 v - a wand of iceblast (9)
 y - a wand of random effects (21)
 E - a wand of mindburst (5)
Scrolls
 a - 2 scrolls of teleportation
 c - 3 scrolls of immolation
 f - a scroll of fear
 t - 4 scrolls of amnesia
 u - 2 scrolls of holy word
 x - 3 scrolls of magic mapping
 C - 4 scrolls of identify
Potions
 b - a potion of attraction
 j - a potion of heal wounds
 k - 2 potions of berserk rage
 p - 6 potions of curing
 r - a potion of ambrosia {unknown}
 s - a potion of degeneration {unknown}
 z - 4 potions of brilliance
 B - a potion of haste {unknown}
 F - a potion of lignification {unknown}


   Skills:
 + Level 8.0 Fighting
 + Level 8.2 Dodging
 - Level 4.0 Shields
 + Level 8.5 Unarmed Combat
 - Level 6.0 Spellcasting
 - Level 6.5 Transmutations
 + Level 5.2 Ice Magic


You had 14 spell levels left.
You knew the following spells:

 Your Spells              Type           Power      Damage    Failure   Level
a - Beastly Appendage     Tmut           54%        N/A       1%          1
b - Spider Form           Tmut/Pois      8%         N/A       10%         3
c - Ice Form              Ice/Tmut       24%        N/A       12%         4

Your spell library contained the following spells:

 Spells                   Type           Power      Damage    Failure   Level
 Wereblood                Tmut           27%        N/A       1%          2
 Passwall                 Tmut/Erth      13%        N/A       4%          2
 Sandblast                Erth           10%        2d5       13%         1
 Hydra Form               Tmut           13%        N/A       24%         5
 Petrify                  Tmut/Erth      16%        N/A       32%         4
 Stone Arrow              Conj/Erth      10%        3d7       36%         3
 Lee's Rapid Deconstruct  Erth           2%         3d6*      98%         5


Dungeon Overview and Level Annotations

Branches:
Dungeon (10/15)            Temple (1/1) D:6
   Lair: D:8-11         Orc: D:9-12

Altars:
Ashenzari
Cheibriados
Dithmenos
Elyvilon
Fedhas
Gozag
Hepliaklqana
Kikubaaqudgha
Makhleb
Nemelex Xobeh
Okawaru
Qazlal
Ru
Sif Muna
Trog
Uskayaw
Vehumet
Wu Jian
Xom
Yredelemnul
Zin
The Shining One

Shops:
D:4 *!   D:6 *

Annotations:
D:3 1 runed translucent door


Innate Abilities, Weirdness & Mutations

You are a creature of crystalline ice.
You have a powerful freezing melee attack.
Your maximum health is increased.
Your armour is entirely melded.
You are incapable of wielding weapons or throwing items.
You cannot wear most types of armour.
You are amphibious.
You can wear up to eight rings at the same time.
((Your skin changes colour to match your surroundings (Stealth+).))
((Your rubbery body absorbs attacks. (AC +1, EV +1)))
((You are camouflaged near water. (Stealth+)))
((You have tentacles for arms and can constrict up to eight enemies at once.))


Message History

You feel sick. The ufetubus closely misses you. x2
The kobold demonologist hits you but does no damage.
The kobold demonologist casts a cantrip, but nothing happens.
The crimson imp hits you.
The orc warrior hits you from afar with a +0 halberd of venom.
You pummel the kobold demonologist!! You freeze the kobold demonologist.
You kill the kobold demonologist!
The quasit disappears in a puff of smoke!
You feel sick. The ufetubus closely misses you. The ufetubus hits you.
The kobold demonologist gestures wildly while chanting.
The crimson imp hits you but does no damage.
The ufetubus misses you.
The ufetubus hits you but does no damage.
Your Fighting skill increases to level 8!
You hit the kobold demonologist but do no damage.
You feel sick.
The orc warrior hits you from afar with a +0 halberd of venom!
* * * LOW HITPOINT WARNING * * *
The ufetubus closely misses you. x2
The kobold demonologist miscasts a cantrip.
The crimson imp misses you.
You punch the kobold demonologist! You freeze the kobold demonologist.
The kobold demonologist is moderately wounded.
You feel sick. The ufetubus barely misses you. The ufetubus hits you.
* * * LOW HITPOINT WARNING * * *
The orc warrior hits you from afar with a +0 halberd of venom!!
* * * LOW HITPOINT WARNING * * *
The kobold demonologist hits you but does no damage.
You feel much better.
You feel sick.
You are no longer poisoned.
The ufetubus barely misses you. x2; The crimson imp closely misses you.
The orc warrior hits you from afar with a +0 halberd of venom!
* * * LOW HITPOINT WARNING * * *
You are lethally poisoned!
The ufetubus closely misses you. The ufetubus hits you.
* * * LOW HITPOINT WARNING * * *
The kobold demonologist barely misses you.
The hellwing hits you!
You die...
Your body crumbles into a pile of gold.

#.........####......
#..K.........'......
#..$......####>.....
#§........ #......
#...o.K... #......
#..§..KK.. #......
#5o....... #......
#4### #######
#KY5#### ###..
###5...# #....
####.# #....
####'##### #....
#........####....
#........'.##....
#........#.......
+........####....
#........# #####


You could see a hellwing (summoned), a kobold demonologist, an orc warrior, a
quasit (summoned), a crimson imp (summoned) and an ufetubus (summoned,
expiring).

Vanquished Creatures
  Harold (D:8)
  Erica (D:8)
  Pikel (D:4)
  Joseph (D:8)
  A gargoyle (D:8)
  Maggie (D:6)
  2 kobold demonologists (D:10)
  Sigmund (D:4)
  6 yaks (D:9)
  The ghost of Cancer the Shield-Bearer, an amateur DDFi (D:3)
  3 wyverns
  A steam dragon (D:4)
  A swamp worm (D:8)
  4 water moccasins
  2 acid dragons
  Duvessa (D:4)
  2 orc warriors
  An ice beast (D:6)
  2 sky beasts
  A black bear (D:6)
  4 necrophages
  An ogre (D:7)
  4 centaurs
  4 lemures (D:4)
  A phantom (D:7)
  A kobold brigand (D:8)
  3 bullfrogs
  A scorpion (D:3)
  A water moccasin zombie (D:3)
  Dowan (D:4)
  8 wights
  2 electric eels (D:7)
  A howler monkey (D:8)
  2 centaur zombies
  2 bullfrog zombies
  2 hounds (D:6)
  2 centaur skeletons (D:7)
  A gnoll shaman (D:4)
  5 jellies
  3 orc priests
  3 iguanas
  8 orc wizards
  A hound skeleton (D:4)
  A howler monkey skeleton (D:5)
  11 adders
  5 gnolls
  2 shadow imps
  A white imp (D:6)
  An ufetubus (D:5)
  A worm (D:5)
  A dart slug (D:1)
  21 orcs
  6 ball pythons
  5 bats
  2 endoplasms
  5 giant cockroaches
  6 goblins
  2 hobgoblins (D:4)
  3 jackals (D:1)
  10 kobolds
  4 quokkas
  4 frilled lizards
  4 rats
190 creatures vanquished.

Vanquished Creatures (others)
  3 plants (D:8)
3 creatures vanquished.

Grand Total: 193 creatures vanquished

Notes
Turn   | Place    | Note
-------+----------+-------------------------------------------
     0 | D:1      | spiderkeys the Octopode Transmuter began the quest for the
                  | Orb.
     0 | D:1      | Reached XP level 1. HP: 13/13 MP: 3/3
   460 | D:1      | Reached XP level 2. HP: 18/18 MP: 3/5
   850 | D:1      | Found a faded altar of an unknown god.
  1386 | D:2      | Reached XP level 3. HP: 20/23 MP: 4/6
  1706 | D:2      | Reached XP level 4. HP: 29/29 MP: 5/7
  2336 | D:3      | Noticed a scorpion
  2349 | D:3      | Killed a scorpion
  2350 | D:3      | Reached XP level 5. HP: 34/34 MP: 6/9
  2428 | D:3      | Reached skill level 1 in Shields
  2521 | D:3      | Found a runed translucent door.
  2523 | D:3      | Noticed Cancer's ghost (amateur DDFi)
  3003 | D:3      | Found a runed translucent door.
  3142 | D:3      | Identified a scroll of acquirement
  3142 | D:3      | Acquired the amulet "Poulael" {Contam rElec rC+ Regen+
                  | Int+2}
  3260 | D:4      | Reached XP level 6. HP: 41/41 MP: 8/10
  3293 | D:4      | Found Sekhlocog's Distillery.
  3296 | D:4      | Bought a potion of curing for 36 gold pieces
  3306 | D:4      | Noticed Pikel
  3497 | D:4      | Noticed Dowan
  3500 | D:4      | Noticed Duvessa
  3504 | D:4      | Killed Dowan
  3510 | D:4      | HP: 1/41 [goblin/+0 dagger (3)]
  3697 | D:4      | Killed Duvessa
  3698 | D:4      | Reached XP level 7. HP: 34/46 MP: 10/12
  3815 | D:4      | Noticed a steam dragon
  3819 | D:4      | Noticed Sigmund
  3964 | D:4      | Found Xyjeiv's General Store.
  4004 | D:4      | Learned a level 3 spell: Spider Form
  4075 | D:4      | Killed a steam dragon
  4445 | D:4      | Killed Sigmund
  4446 | D:4      | Reached XP level 8. HP: 51/54 MP: 10/13
  4766 | D:5      | Entered Level 5 of the Dungeon
  4926 | D:5      | Reached skill level 5 in Unarmed Combat
  5649 | D:3      | Killed Cancer's ghost
  5650 | D:3      | Reached skill level 5 in Transmutations
  5650 | D:3      | Reached XP level 9. HP: 17/59 MP: 15/15
  5713 | D:4      | Killed Pikel
  5714 | D:4      | Reached skill level 5 in Dodging
  5780 | D:6      | Noticed Maggie
  5796 | D:6      | HP: 3/60 [poisoned by Maggie]
  5797 | D:6      | Killed Maggie
  5797 | D:6      | HP: 1/60 [poisoned by Maggie]
  5798 | D:6      | Reached skill level 5 in Fighting
  5798 | D:6      | Reached skill level 5 in Spellcasting
  6202 | D:6      | Found a staircase to the Ecumenical Temple.
  6214 | Temple   | Entered the Ecumenical Temple
  7022 | D:6      | Found Daodgh Doni's General Store.
  7371 | D:7      | Reached XP level 10. HP: 23/68 MP: 14/18
  7732 | D:7      | Found an opulent altar of Gozag.
  7817 | D:7      | Became a worshipper of Gozag Ym Sagoz the Greedy
  7887 | D:7      | Learned a level 4 spell: Ice Form
  8223 | D:8      | Noticed Harold
  8226 | D:8      | Noticed a gargoyle
  8239 | D:8      | Killed Harold
  8326 | D:8      | Noticed Erica
  8392 | D:8      | Killed Erica
  8477 | D:8      | Noticed Joseph
  8493 | D:8      | Killed Joseph
  8849 | D:8      | Killed a gargoyle
  8850 | D:8      | Reached XP level 11. HP: 57/75 MP: 17/20
  9954 | D:10     | Entered Level 10 of the Dungeon
 10061 | D:10     | Reached skill level 5 in Ice Magic
 10222 | D:10     | HP: 3/92 [orc warrior/+0 halberd of venom (20)]
 10223 | D:10     | Mangled by a hellwing

Illustrated notes

Levels and vault maps discovered:
D:1:      dpeg_arrival_tiny_d, layout_basic, ebering_ecumenical_altar_hall,
          nrook_mini_vaults, minmay_misc_feat_x, minmay_misc_feat_more_columns,
          hangedman_abyss_or_decor_stabs, corexii_corridor_pit
D:2:      layout_loops_ring, minmay_indecisive_spiral
D:3:      layout_loops_cross, ebering_ghost_sewer_f
D:4:      layout_basic, serial_shops, shop, kennysheep_mini_moat,
          chequers_jeans, minmay_diced_spiral, uniq_pikel, uniq_duvessa,
          uniq_sigmund
D:5:      layout_loops_ring, chequers_serial_rivers_large_b
D:6:      layout_basic, temple_fountains, serial_shops, shop_fountains,
          uniq_maggie
D:7:      statuecave_lemuel, layout_rooms, kennysheep_little_box,
          minmay_misc_feat_chi
D:8:      layout_basic, worms_lemuel, uniq_harold, uniq_joseph, uniq_erica
D:9:      layout_cave_pools, minmay_fountain_box
D:10:     layout_roguey
Temple:   nicolae_temple_the_god_donut

Skill      XL: |  1  2  3  4  5  6  7  8  9 10 11 |
---------------+----------------------------------+-----
Fighting       | 2 3 4 5 7 8 |  8.0
Dodging        | 3 4 6 7 8 |  8.2
Shields        | 1 2 3 4 |  4.0
Transmutations | 3 4 5 6 |  6.5
Unarmed Combat | 4 5 6 7 8 |  8.5
Spellcasting   | 3 4 5 6 |  6.0
Ice Magic      | 4 5 |  5.2

Action                   |  1- 3 |  4- 6 |  7- 9 | 10-12 || total
-------------------------+-------+-------+-------+-------++-------
Melee: Unarmed           |    44 |   106 |   119 |   215 ||   484
       Tentacles         |     7 |    28 |    52 |     9 ||    96
       Constrict         |    14 |    33 |    38 |     8 ||    93
       Kick              |    15 |    36 |    63 |     5 ||   119
       Punch             |       |     5 |    11 |     2 ||    18
       Dagger            |       |       |   102 |    14 ||   116
       Short sword       |       |       |       |     5 ||     5
 Cast: Beastly Appendage |    15 |    26 |    31 |     7 ||    79
       Spider Form       |       |       |     7 |    10 ||    17
       Ice Form          |       |       |       |    10 ||    10
  Use: Scroll            |     1 |     9 |     4 |     5 ||    19
       Potion            |       |     1 |     2 |     5 ||     8
 Stab: Sleeping          |     3 |     8 |     7 |       ||    18
       Distracted        |       |       |       |     1 ||     1
Armor: Skin              |     1 |     6 |     6 |    32 ||    45
Dodge: Dodged            |    26 |    52 |   103 |   203 ||   384
Block: Buckler           |       |    21 |    29 |    11 ||    61

Table legend: (Time is in decaauts)
 A = Elapsed time spent in this place.
 B = Non-inter-level travel time spent in this place.
 C = Inter-level travel time spent in this place.
 D = Time resting spent in this place.
 E = Time spent auto-exploring this place.
 F = Levels seen in this place.
 G = Mean time per level.
                   A        B        C        D        E       F      G
               +--------+--------+--------+--------+--------+-----+--------+
         Total |  10180 |   9743 |    437 |    201 |   7709 |  11 |  925.5 |
       Dungeon |   9492 |   9055 |    437 |    201 |   7064 |  10 |  949.2 |
        Temple |    687 |    687 |      0 |      0 |    645 |   1 |  687.0 |
               +--------+--------+--------+--------+--------+-----+--------+

Top non-repeatable levels by time:
     D:4: 1688 daAuts
     D:1: 1321 daAuts
     D:8: 1244 daAuts
     D:3: 1066 daAuts
     D:2: 885 daAuts
     D:5: 794 daAuts
     D:7: 788 daAuts
     D:9: 740 daAuts
     D:6: 699 daAuts
  Temple: 687 daAuts
    D:10: 265 daAuts
